 Dungeon Crawl Stone Soup version 0.19.0-24-gb05acd6 (console) character file.

7 Jesseh the Sneak (level 1, 0/9 HPs)
             Began as a Spriggan Enchanter on Nov 22, 2016.
             Slain by a hobgoblin
             ... wielding a +0 club
              (4 damage)
             ... on level 1 of the Dungeon.
             The game lasted 00:00:51 (125 turns).

Jesseh the Sneak (Spriggan Enchanter)                Turns: 125, Time: 00:00:52

Health: 0/9        AC:  3    Str:  4    XL:     1   Next: 83%
Magic:  5/5        EV: 18    Int: 16    God:
Gold:   22         SH:  0    Dex: 16    Spells: 1 memorised, 5 levels left

rFire  . . .     SeeInvis +     h - -3 short sword (curse)
rCold  . . .     Gourm    .     b - +1 robe
rNeg   . . .     Faith    .     (shield restricted)
rPois  .         Spirit   .     (helmet restricted)
rElec  .         Reflect  .     (no cloak)
rCorr  .         Harm     .     (gloves unavailable)
MR     .....                    (boots unavailable)
Stlth  +++.......               (no amulet)
                                (no ring)
                                e - ring of see invisible

@: very quick
A: unfitting armour, see invisible, herbivore 3, speed 3, slow metabolism 2
a: no special abilities


You were on level 1 of the Dungeon.
You were not hungry.

You visited 1 branch of the dungeon, and saw 1 of its levels.

You collected 22 gold pieces.

Inventory:

Hand Weapons
 a - a +1 dagger
 h - a cursed -3 short sword (weapon)
   (You found it on level 1 of the Dungeon)
Missiles
 g - 16 arrows
Armour
 b - a +1 robe (worn)
Jewellery
 e - a ring of see invisible (left hand)
   (You found it on level 1 of the Dungeon)
Scrolls
 f - a scroll of enchant weapon {unknown}
Books
 c - a book of Maledictions
Comestibles
 d - a bread ration


   Skills:
 - Level 1.1 Short Blades
 - Level 3.0 Dodging
 - Level 4.4 Stealth
 + Level 3.1 Spellcasting
 + Level 3.9 Hexes


You had 5 spell levels left.
You knew the following spells:

 Your Spells              Type           Power        Failure   Level  Hunger
a - Corona                Hex            ###....      4%          1    None


Dungeon Overview and Level Annotations

Branches:
Dungeon (1/15)

Altars:


Innate Abilities, Weirdness & Mutations

You are very small and have problems with some larger weapons.
You are too small for most types of armour.
You have supernaturally acute eyesight. (SInv)
You are a herbivore.
You cover ground extremely quickly.
You need consume almost no food.


Message History

Welcome, Jesseh the Spriggan Enchanter.
Will you be the one to retrieve the fabulous Orb of Zot from the depths?
Found 22 gold pieces, a short sword and a runed short sword.
Found a staircase leading out of the dungeon.
Currently training: Spellcasting(2.6), Hexes(3.6).
Choose a target skill level: A hobgoblin comes into view.
You see here 10 gold pieces.
Found an escape hatch in the floor.
The helpless hobgoblin fails to defend itself.
You puncture the hobgoblin!
You kill the hobgoblin!
You see here a hobgoblin corpse.
You now have 10 gold pieces.
You now have 22 gold pieces (gained 12).
A kobold comes into view.
A dart slug comes into view.
Found a stone staircase leading down.
You closely miss the kobold. The kobold closely misses you.
You hit the kobold. The kobold completely misses you.
You hit the kobold.
You kill the kobold!
You see here 16 arrows.
The helpless dart slug fails to defend itself.
You impale the dart slug!!
You kill the dart slug!
Your Spellcasting skill increases to level 3!
A giant cockroach comes into view.
You see here a scroll labeled JISTRU JENGA.
You see here 16 arrows.
e - a silver ring You see here 16 arrows.
You see here a scroll labeled JISTRU JENGA.
f - a scroll labeled JISTRU JENGA You see here 16 arrows.
g - 16 arrows A bat comes into view.
The helpless giant cockroach fails to defend itself.
You puncture the giant cockroach!
You kill the giant cockroach!
You hit the bat but do no damage. The bat barely misses you.
The bat misses you. The bat closely misses you.
The bat hits you but does no damage. The bat closely misses you.
The bat misses you.
You completely miss the bat. The bat barely misses you.
The bat completely misses you.
You hit the bat. The bat hits you.
You hit the bat.
You kill the bat!
Put on which piece of jewellery? (? for menu, Esc to quit)
e - a ring of see invisible (left hand)
You see here a giant cockroach corpse.
h - a runed short sword Wield which item (- for none, * to show all)? (? for menu, Esc to quit)
It sticks to your hand!
h - a cursed -3 short sword (weapon)
A hobgoblin comes into view. It is wielding a club.
The hobgoblin closely misses you.
You hit the hobgoblin but do no damage. The hobgoblin barely misses you.
You hit the hobgoblin but do no damage. The hobgoblin hits you with a club.
You barely miss the hobgoblin. You hit the hobgoblin.
The hobgoblin closely misses you.
You hit the hobgoblin. The hobgoblin misses you.
You hit the hobgoblin but do no damage. The hobgoblin misses you.
You hit the hobgoblin but do no damage. The hobgoblin closely misses you.
You hit the hobgoblin.
The hobgoblin hits you but does no damage.
You barely miss the hobgoblin. The hobgoblin hits you with a club.
You hit the hobgoblin but do no damage. The hobgoblin closely misses you.
You hit the hobgoblin but do no damage. The hobgoblin barely misses you.
You barely miss the hobgoblin. The hobgoblin barely misses you.
You closely miss the hobgoblin. The hobgoblin hits you with a club.
You die...

. ▒▒▒▒▒▒▒▒.▒▒▒▒▒
▒............ ▒ ▒
▒............
▒..▒.▒▒▒▒▒▒...▒.......
▒........▒...▒▒▒.....▒▒▒
▒..gi...▒..▒.......▒.
▒▒▒▒▒.▒▒▒............
...▒ ▒......▒<....
▒.▒▒▒▒ ▒.....▒▒▒..). ▒
▒.....>▒.....
▒............
▒▒▒▒▒▒..▒.......▒.
▒......▒▒▒...†.▒▒▒
▒.▒▒▒...▒.......▒.


You could see a hobgoblin.

Vanquished Creatures
  A dart slug (D:1)
  A giant cockroach (D:1)
  A hobgoblin (D:1)
  A bat (D:1)
  A kobold (D:1)
5 creatures vanquished.

Notes
Turn   | Place    | Note
-------+----------+-------------------------------------------
     0 | D:1      | Jesseh the Spriggan Enchanter began the quest for the Orb.
     0 | D:1      | Reached XP level 1. HP: 9/9 MP: 5/5
    33 | D:1      | Reached skill level 3 in Spellcasting
   125 | D:1      | Slain by a hobgoblin

Skill      XL: |  1 |
---------------+----+-----
Spellcasting   | 3 |  3.1
Short Blades   | |  1.1
Dodging        | |  3.0
Stealth        | |  4.4
Hexes          | |  3.9

Action                   || total
-------------------------++-------
Melee: Short sword       ||    13
       Dagger            ||    10
 Stab: Sleeping          ||     3
Armor: Robe              ||     2
Dodge: Dodged            ||    18

Vault maps used:
D:1:      minmay_arrival_five_plusses, corexii_leaking_fountain,
          minmay_crystal_water

Table legend:
 A = Turns spent in this place as a percentage of turns spent in the entire game.
 B = Non-inter-level travel turns spent in this place as a percentage of non-inter-level travel turns spent in the entire game.
 C = Inter-level travel turns spent in this place as a percentage of turns spent in this place.
 D = Turns resting spent in this place as a percentage of non-inter-level travel turns spent in this place.
 E = Turns spent auto-exploring this place as a percentage of non-inter-level travel turns spent in this place.
 F = Non-inter-level travel turns spent in this place divided by the number of levels of this place that you've seen.
                   A       B       C       D       E      F
               +-------+-------+-------+-------+-------+----------------------
         Total | 100.0 | 100.0 |   0.0 |   0.0 |   5.8 |  69.0
       Dungeon | 100.0 | 100.0 |   0.0 |   0.0 |   5.8 |  69.0
               +-------+-------+-------+-------+-------+----------------------

Table legend:
 A = Kills in this place as a percentage of kills in entire the game.
 B = Kills by you in this place as a percentage of kills by you in the entire game.
 C = Kills by friends in this place as a percentage of kills by friends in the entire game.
 D = Other kills in this place as a percentage of other kills in the entire game.
 E = Experience gained in this place as a percentage of experience gained in the entire game.
 F = Experience gained in this place divided by the number of levels of this place that you have seen.
                   A       B       C       D       E      F
               +-------+-------+-------+-------+-------+----------------------
         Total | 100.0 | 100.0 |  -nan |  -nan | 100.0 |  10.0
       Dungeon | 100.0 | 100.0 |  -nan |  -nan | 100.0 |  10.0
               +-------+-------+-------+-------+-------+----------------------
